 Dungeon Crawl Stone Soup version 0.17-a0-1515-gfae3d72 (webtiles) character file.

8165 mrath the Geomancer (level 11, -5/64 HPs)
             Began as a Gargoyle Earth Elementalist on July 12, 2015.
             Was a Priest of Vehumet.
             Slain by a polar bear (19 damage)
             ... in an ice cave on July 13, 2015.
             The game lasted 03:49:57 (14280 turns).

mrath the Geomancer (Gargoyle Earth Elementalist)  Turns: 14280, Time: 03:50:01

Health: -5/64      AC: 20    Str: 11    XL:     11   Next: 26%
Magic:  3/24       EV: 13    Int: 20    God:    Vehumet [***...]
Gold:   552        SH:  0    Dex: 10    Spells: 8 memorised, 3 levels left

rFire  . . .     SeeInvis .     b - +2 flail (protect)
rCold  . . .     Clarity  .     G - +2 robe {Archmagi}
rNeg   + . .     SustAt   .     (no shield)
rPois  ∞         Gourm    .     n - +0 helmet
rElec  +         Spirit   .     D - +1 cloak
rCorr  .         Warding  .     (no gloves)
rMut   .         Stasis   .     j - +0 pair of boots
MR     .....                    (no amulet)
Stlth  ++........               (no ring)
                                A - ring of poison resistance

@: very slightly contaminated, not resistant to hostile enchantments, unstealthy
A: negative energy resistance 1, electricity resistance, unbreathing,
petrification resistance, rot immunity, AC +7
a: Renounce Religion


You were in an ice cave.
You worshipped Vehumet.
Vehumet was most pleased with you.
You were not hungry.

You visited 3 branches of the dungeon, and saw 11 of its levels.
You also visited: Ice Cave.

You collected 552 gold pieces.

Inventory:

Hand weapons
 a - a +2 dagger of venom
 b - a +2 flail of protection (weapon)
 f - a +0 flail of draining
 k - a +0 hunting sling
 r - a +1 spear of freezing
 C - a +2 quarterstaff of chaos
 E - a +0 hammer
 F - a +2 spear of flaming
 L - a +1 flail of holy wrath
 O - a +0 flail of crushing
 V - a +0 shortbow
Missiles
 h - 241 stones (quivered)
 i - 17 sling bullets of flame
 s - 2 needles of confusion
 H - 17 poisoned needles
 J - a throwing net
 P - 9 tomahawks
 S - 71 arrows
Armour
 e - a +0 shield
 j - a +0 pair of boots (worn)
 n - a +0 helmet (worn)
 D - a +1 cloak (worn)
 G - a +2 robe of the Archmagi (worn)
 M - a +2 buckler
 R - a +0 robe of the Archmagi
Jewellery
 A - a ring of poison resistance (left hand)
Magical devices
 l - a wand of digging (23)
 q - a wand of frost (30)
 K - a wand of teleportation (4)
 N - a wand of cold (2)
 X - a wand of frost (30)
 Y - a wand of disintegration (13)
Scrolls
 o - 4 scrolls of remove curse
 u - a scroll of recharging
 x - 2 scrolls of identify
 y - 3 scrolls of teleportation
Potions
 g - a potion of might {unknown}
 p - a potion of resistance
 v - a potion of brilliance {unknown}
 w - 2 potions of agility
 z - 2 potions of magic {unknown}
 B - 2 potions of ambrosia
 I - a potion of lignification {unknown}
 T - a potion of invisibility
 W - a potion of berserk rage {unknown}
Books
 c - a book of Geomancy

   Spells                             Type                      Level
   a - Sandblast                      Earth                        1
   b - Stoneskin                      Transmutation/Earth          2
   c - Passwall                       Transmutation/Earth          3
   d - Stone Arrow                    Conjuration/Earth            3
   e - Petrify                        Transmutation/Earth          4
   f - Lee's Rapid Deconstruction     Earth                        5
Comestibles
 d - 2 bread rations
 m - 4 fruits
 t - 8 chunks of flesh
 Q - 2 meat rations


   Skills:
 + Level 6.1 Fighting
 + Level 5.3 Maces & Flails
 + Level 4.9 Dodging
 - Level 2.1 Stealth
 * Level 9.0 Spellcasting
 + Level 6.0 Conjurations
 - Level 0.7 Transmutations
 + Level 9.1 Earth Magic
 + Level 4.8 Evocations


You had 3 spell levels left.
You knew the following spells:

 Your Spells              Type           Power        Failure   Level  Hunger
a - Sandblast             Erth           ######       1%          1    None
b - Stoneskin             Trmt/Erth      #####...     1%          2    None
c - Stone Arrow           Conj/Erth      ######       1%          3    None
d - Passwall              Trmt/Erth      #####.....   3%          3    None
e - Lee's Rapid Deconstr  Erth           ######....   2%          5    #####..
f - Petrify               Trmt/Erth      #####...     12%         4    ###....
g - Dazzling Spray        Conj/Hex       ####....     2%          3    None
h - Throw Icicle          Conj/Ice       ####....     7%          4    ###....


Dungeon Overview and Level Annotations

Branches:
Dungeon (9/15)             Temple (1/1) D:7            Lair (1/8) D:9
    Orc: D:9-12

Altars:
Ashenzari
Dithmenos
Elyvilon
Fedhas
Gozag
Kikubaaqudgha
Nemelex Xobeh
Okawaru
Qazlal
Ru
Sif Muna
Vehumet
Yredelemnul
The Shining One


Innate Abilities, Weirdness & Mutations

You are resistant to torment.
Your stone body is resilient (AC +7).
You are immune to poison.
You resist negative energy.
You are resistant to electric shocks.
You can survive without breathing.
You are immune to petrification.
You are immune to rotting.


Message History

The polar bear barely misses you. The polar bear closely misses you.
The polar bear claws you but does no damage.
The polar bear misses you.
Casting: Petrify
Confirm with . or Enter, or press ? or * to list all spells.
You don't have enough magic to cast that spell.
Unknown command.
You sock the polar bear!
The polar bear is almost dead.
The polar bear barely misses you.
The polar bear claws you but does no damage.
The polar bear claws you.
You hit the polar bear.
The polar bear is almost dead.
The polar bear bites you!
* * * LOW HITPOINT WARNING * * *
The polar bear claws you.
* * * LOW HITPOINT WARNING * * *
The polar bear barely misses you. The polar bear bites you!!
You die...

##.###.##
#..##..#
#.###.##
#.###.# #.##..#
##.##.##
##.###.#
#..##..#
#@###.## # ##h#
#..# #.### #..#
#..### #....###
##.## ##...##
#......#####..#
#.∩..#
#........#..##
#....##
#####h.....##
#.∩..# #####..#
##..## ####
####


You could see a polar bear (berserk).

Vanquished Creatures
  An ugly thing (D:6)
  A polar bear (IceCv)
  2 trolls
  4 wandering mushrooms (D:9)
  12 yaks
  A deep elf fighter (D:9)
  A wolf (IceCv)
  2 hippogriffs (D:8)
  An orc warrior (D:7)
  A sky beast (D:9)
  Duvessa (D:7)
  2 ice beasts
  5 ogres
  A centaur (D:8)
  2 phantoms
  7 giant frogs
  A gnoll sergeant (D:7)
  A scorpion (D:7)
  A water moccasin zombie (D:6)
  Dowan (D:7)
  3 jellies
  8 killer bees
  3 wights (D:7)
  A giant frog zombie (D:4)
  2 crimson imps
  A giant frog skeleton (D:7)
  An electric eel (Lair:1)
  An iron imp (D:8)
  2 orc priests
  Crazy Yiuf (D:4)
  2 hounds
  8 orc wizards
  A centaur zombie (D:8)
  Terence (D:2)
  10 iguanas
  A quasit (D:3)
  7 worker ants
  Robin (D:3)
  16 gnolls
  9 adders
  4 shadow imps
  6 river rats
  2 oozes (D:5)
  An adder skeleton (D:6)
  A worm (D:3)
  5 giant geckos
  35 orcs
  2 bat skeletons
  6 giant cockroaches
  24 hobgoblins
  4 jackals (D:8)
  3 ball pythons
  24 bats
  A giant gecko skeleton (D:5)
  3 giant newts
  26 goblins
  2 goblin skeletons (D:8)
  A goblin zombie (D:8)
  A jackal zombie (D:7)
  15 kobolds
  An orc skeleton (D:8)
  An orc zombie (D:8)
  7 quokkas
  3 quokka skeletons
  22 rats
327 creatures vanquished.

Vanquished Creatures (others)
  25 fungi (D:9)
  14 plants (D:9)
39 creatures vanquished.

Grand Total: 366 creatures vanquished

Notes
Turn   | Place    | Note
--------------------------------------------------------------
     0 | D:1      | mrath the Gargoyle Earth Elementalist began the quest for the Orb.
     0 | D:1      | Reached XP level 1. HP: 10/10 MP: 3/3
   513 | D:1      | Reached XP level 2. HP: 15/15 MP: 1/5
   590 | D:1      | Learned a level 2 spell: Stoneskin
  1139 | D:2      | Reached XP level 3. HP: 15/19 MP: 3/7
  1248 | D:2      | Learned a level 3 spell: Stone Arrow
  1267 | D:2      | Noticed Terence
  1321 | D:2      | Reached skill level 4 in Earth Magic
  1585 | D:2      | Reached XP level 4. HP: 24/24 MP: 2/9
  1644 | D:2      | Learned a level 3 spell: Passwall
  1819 | D:2      | Killed Terence
  1932 | D:3      | Reached XP level 5. HP: 28/28 MP: 7/10
  1940 | D:3      | Noticed Robin
  1952 | D:3      | Reached skill level 5 in Earth Magic
  2011 | D:3      | Killed Robin
  2399 | D:3      | Reached XP level 6. HP: 27/32 MP: 8/12
  2994 | D:3      | Found a faded altar to an unknown god.
  3166 | D:3      | Learned a level 5 spell: Lee's Rapid Deconstruction
  3542 | D:4      | Reached skill level 5 in Spellcasting
  3888 | D:4      | Reached skill level 6 in Earth Magic
  4176 | D:4      | Reached skill level 1 in Fighting
  4176 | D:4      | Reached XP level 7. HP: 36/38 MP: 13/15
  4627 | D:4      | Noticed Crazy Yiuf
  4629 | D:4      | Killed Crazy Yiuf
  4920 | D:5      | Entered Level 5 of the Dungeon
  5105 | D:5      | Reached skill level 1 in Conjurations
  5426 | D:5      | Reached skill level 1 in Maces & Flails
  5426 | D:5      | Reached skill level 1 in Evocations
  5734 | D:5      | Reached XP level 8. HP: 45/45 MP: 10/16
  6095 | D:5      | Learned a level 4 spell: Petrify
  6308 | D:6      | HP: 2/46 [ogre zombie/giant club[a shadow imp] (24)]
  7057 | D:6      | Noticed a cyan ugly thing
  7070 | D:6      | Killed a cyan ugly thing
  7070 | D:6      | Reached XP level 9. HP: 37/51 MP: 4/19
  7417 | D:6      | Reached skill level 7 in Earth Magic
  7958 | D:7      | Found a staircase to the Ecumenical Temple.
  7968 | Temple   | Entered the Ecumenical Temple
  8003 | Temple   | Became a worshipper of Vehumet
  8615 | D:7      | Found a shadowy altar of Dithmenos.
  9068 | D:7      | Noticed Duvessa
  9084 | D:7      | Noticed Dowan
  9112 | D:7      | Killed Dowan
  9116 | D:7      | Killed Duvessa
  9953 | D:8      | Acquired Vehumet's first power
  9953 | D:8      | Offered knowledge of Sting by Vehumet.
  9989 | D:8      | Found a glowing golden altar of the Shining One.
 10133 | D:7      | Reached XP level 10. HP: 52/58 MP: 8/21
 10888 | D:8      | Reached skill level 8 in Earth Magic
 11350 | D:8      | Offered knowledge of Flame Tongue by Vehumet.
 11704 | D:8      | Reached skill level 5 in Fighting
 11709 | D:8      | Reached skill level 5 in Conjurations
 12812 | D:9      | Offered knowledge of Dazzling Spray by Vehumet.
 12838 | D:9      | Acquired Vehumet's second power
 12942 | D:9      | Reached skill level 5 in Maces & Flails
 13132 | D:9      | Reached XP level 11. HP: 64/64 MP: 14/23
 13269 | D:9      | Found a staircase to the Lair.
 13868 | D:9      | Learned a level 3 spell: Dazzling Spray
 13869 | Lair:1   | Entered Level 1 of the Lair of Beasts
 13939 | Lair:1   | Offered knowledge of Throw Icicle by Vehumet.
 13945 | Lair:1   | Learned a level 4 spell: Throw Icicle
 14075 | Lair:1   | Found a frozen archway.
 14085 | IceCv    | Entered an ice cave
 14150 | IceCv    | Reached skill level 9 in Earth Magic
 14280 | IceCv    | Slain by a polar bear

Vault maps used:
D:1:      evilmike_arrival_fibonacci_small
D:2:      uniq_terence
D:3:      ecumenical_altar_1, st_stairs_3, minmay_misc_feat_plants, uniq_robin
D:4:      due_unseen_surprise, uniq_crazy_yiuf_cottage
D:5:      first_bread
D:6:      nicolae_underground_beach
D:7:      temple_green, basic_altar, eino_small_chamber_without_monster,
          uniq_duvessa
D:8:      nicolae_tso_besieged_by_evil
D:9:      grunt_lair_entry_elf_guard_hut, hangedman_tree_tricks,
          serial_bayou_pond_a, kennysheep_cross_room
Temple:   grunt_circular_temple_18
Lair:1:   portal_ice_cave_entry_pillars_03, st_stairs_5,
          infiniplex_staircase_pool, grunt_megastairs_3, uniq_grum
IceCv:    ice_cave_caverns_01

Action                   |  1- 3 |  4- 6 |  7- 9 | 10-12 || total
-------------------------+-------+-------+-------+-------++-------
Melee: Club              |    19 |     5 |       |       ||    24
       Flail             |       |    55 |    97 |   171 ||   323
       Dagger            |       |    13 |    29 |     3 ||    45
       Hammer            |       |       |    24 |       ||    24
       Quarterstaff      |       |       |    56 |       ||    56
 Fire: Hunting sling     |       |    13 |    80 |       ||    93
Throw: Stone             |     1 |     1 |    17 |       ||    19
 Cast: Sandblast         |    45 |    86 |    62 |     7 ||   200
       Stone Arrow       |       |     2 |    32 |    98 ||   132
       Lee's Rapid Decon |       |       |    20 |    14 ||    34
       Stoneskin         |       |       |     3 |       ||     3
       Petrify           |       |       |       |     7 ||     7
  Use: Scroll            |     1 |     2 |    10 |     3 ||    16
       Potion            |       |       |     5 |       ||     5
 Stab: Sleeping          |       |     1 |       |       ||     1
       Invisible         |       |       |     1 |       ||     1
       Paralysed         |       |       |     1 |       ||     1
       Petrified         |       |       |       |     3 ||     3
       Distracted        |       |       |       |     1 ||     1
  Eat: Chunk             |     2 |     3 |    13 |    16 ||    34
       Meat ration       |       |     1 |       |       ||     1
       Bread ration      |       |       |     3 |       ||     3
       Beef jerky        |       |       |       |     1 ||     1
